 Dungeon Crawl Stone Soup version 0.23.0-28-g6fe0f4d (webtiles) character file.

Game seed: 0

40126 doot the Eclecticist (level 13, -11/68 HPs)
             Began as a Deep Elf Summoner on Feb 25, 2019.
             Was a High Priest of Sif Muna.
             Killed from afar by a deep troll earth mage (30 damage)
             ... with a blast of rock fragments
             ... on level 12 of the Dungeon.
             The game lasted 01:55:02 (23009 turns).

doot the Eclecticist (Deep Elf Summoner)           Turns: 23009, Time: 01:55:03

Health: -11/68     AC:  5    Str:  5    XL:     13   Next: 72%
Magic:  16/44      EV: 16    Int: 28    God:    Sif Muna [*****.]
Gold:   937        SH: 16    Dex: 15    Spells: 12/45 levels left

rFire    . . .     SeeInvis .   B - staff of cold
rCold    + + +     Gourm    .   C - +8 shield of Gravity {Int+2 Slay+2}
rNeg     . . .     Faith    .   (no armour)
rPois    .         Spirit   .   l - +2 hat
rElec    .         Reflect  .   g - +0 cloak
rCorr    .         Harm     .   f - +0 pair of gloves
MR       +....                  W - +0 pair of boots
Stlth    +++.......             E - amulet of regeneration
HPRegen  0.61/turn              t - ring "Exiclaps" {rC++ EV+2}
MPRegen  0.29/turn              K - ring of magical power

@: studying Ice Magic
A: no striking features
a: Divine Energy, Channel Magic, Forget Spell, Renounce Religion


You were on level 12 of the Dungeon.
You worshipped Sif Muna.
Sif Muna was extremely pleased with you.
You were very hungry.

You visited 4 branches of the dungeon, and saw 22 of its levels.
You also visited: Ossuary and Ice Cave.

You collected 1457 gold pieces.
You spent 520 gold pieces at shops.

Inventory:

Hand Weapons
 a - a +0 blowgun
 b - the +5 morningstar of Tension {drain, rPois}
   (You bought it in a shop on level 4 of the Dungeon)

   A truly terrible weapon, it drains the life of those it strikes.
   It protects you from poison.
Missiles
 h - 8 needles of confusion
 n - 92 poisoned needles
 V - 11 curare-tipped needles
Armour
 f - a +0 pair of gloves (worn)
 g - a +0 cloak (worn)
 l - a +2 hat (worn)
 p - +0 pearl dragon scales
 y - a +1 leather armour of cold resistance
 C - the +8 shield of Gravity (worn) {Int+2 Slay+2}
   (You found it on level 5 of the Dungeon)

   It affects your intelligence (+2).
   It affects your accuracy and damage with ranged weapons and melee attacks
   (+2).
 F - a +3 leather armour
 S - the +2 robe of Vines {NoPotionHeal Regen+7}
   (You found it on level 5 of the Lair of Beasts)

   It increases your rate of regeneration.
 W - a +0 pair of boots (worn)
Magical Staves
 B - an uncursed staff of cold (weapon)
Jewellery
 t - the ring "Exiclaps" (left hand) {rC++ EV+2}
   (You found it on level 6 of the Lair of Beasts)

   [ring of evasion]

   It affects your evasion (+2).
   It greatly protects you from cold.
 u - an uncursed ring of protection from fire
 D - an uncursed ring of resist corrosion
 E - an amulet of regeneration (around neck)
 K - a ring of magical power (right hand)
 Z - a +2 ring of dexterity
Wands
 v - a wand of digging (4)
 A - a wand of clouds (5)
 M - a wand of polymorph (28)
 X - a wand of flame (36)
Scrolls
 m - 4 scrolls of enchant weapon
 o - 2 scrolls of amnesia
 r - 8 scrolls of remove curse
 s - 3 scrolls of magic mapping
 w - 5 scrolls of blinking
 x - 14 scrolls of teleportation
 Q - a scroll of enchant armour
 T - a scroll of fog
Potions
 d - a potion of invisibility
 e - 6 potions of might
 i - 6 potions of ambrosia
 k - 5 potions of curing
 q - 4 potions of lignification
 z - a potion of resistance {unknown}
 G - a potion of cancellation
 H - a potion of berserk rage
 I - 6 potions of brilliance
 J - 2 potions of agility
 L - 2 potions of haste
 N - a potion of magic
 O - 3 potions of mutation
 R - 3 potions of flight
 Y - 2 potions of heal wounds
Books
 j - a manual of Ice Magic
 P - a manual of Ice Magic
Miscellaneous
 U - a crystal ball of energy
Comestibles
 c - 24 rations


   Skills:
 + Level 3.1 Fighting
   Level 1.3 Short Blades
 + Level 3.4 Maces & Flails
 + Level 3.0 Armour
 + Level 6.7 Dodging
 + Level 5.6 Stealth
 + Level 4.2 Shields
 + Level 16.9 Spellcasting
 + Level 0.1 Conjurations
 + Level 8.3 Hexes
 + Level 14.4 Summonings
 * Level 7.7 Ice Magic
 + Level 3.2 Air Magic


You had 12 spell levels left.
You knew the following spells:

 Your Spells              Type           Power        Failure   Level  Hunger
a - Throw Frost           Conj/Ice       ######       2%          2    None
b - Call Imp              Summ           #######.     1%          2    None
c - Call Canine Familiar  Summ           #######.     1%          3    None
d - Summon Ice Beast      Ice/Summ       #######.     1%          4    None
e - Summon Lightning Spi  Summ/Air       ######..     2%          4    None
f - Sticks to Snakes      Tmut           ###.....     12%         2    None
g - Cause Fear            Hex            ######....   2%          4    None
h - Summon Demon          Summ           #######...   1%          5    None
i - Summon Hydra          Summ           #######...   19%         7    #####..

Your spell library contained the following spells:

 Spells                   Type           Power        Failure   Level  Hunger
 Confusing Touch          Hex            ######       1%          1    None
 Corona                   Hex            ######.      1%          1    None
 Freeze                   Ice            ####         1%          1    None
 Summon Small Mammal      Summ           ####         1%          1    None
 Ensorcelled Hibernation  Hex/Ice        ######       1%          2    None
 Summon Guardian Golem    Hex/Summ       ######..     1%          3    None
 Aura of Abjuration       Summ           #######...   1%          5    None
 Summon Mana Viper        Hex/Summ       ######..     1%          5    None
 Shadow Creatures         Summ           N/A          3%          6    ###....
 Dazzling Spray           Conj/Hex       #####.       4%          3    None
 Spectral Weapon          Hex/Chrm       #####...     4%          3    None
 Magic Dart               Conj           ###.         8%          1    None
 Beastly Appendage        Tmut           ###...       9%          1    None
 Infusion                 Chrm           ###.         9%          1    None
 Sandblast                Erth           ###...       9%          1    None
 Passwall                 Tmut/Erth      ###.....     12%         2    None
 Searing Ray              Conj           ###...       12%         2    None
 Shroud of Golubria       Chrm/Tloc      ###.......   12%         2    None
 Song of Slaying          Chrm           ###.....     12%         2    None
 Fulminant Prism          Conj/Hex       #####.....   14%         4    None
 Leda's Liquefaction      Hex/Erth       #####.....   14%         4    None
 Ice Form                 Ice/Tmut       ######..     16%         4    None
 Monstrous Menagerie      Summ           #######...   19%         7    #####..
 Silence                  Hex/Air        ######....   21%         5    None
 Lesser Beckoning         Tloc           ###.......   24%         3    None
 Regeneration             Chrm/Necr      ###.......   24%         3    None
 Spider Form              Tmut/Pois      ###.......   24%         3    None
 Stone Arrow              Conj/Erth      ###...       24%         3    None
 Yara's Violent Unravell  Hex/Tmut       #####.....   38%         5    None
 Darkness                 Hex            ######....   38%         6    ###....
 Iskenderun's Mystic Bla  Conj           ###.....     58%         4    None
 Force Lance              Conj/Tloc      ###.....     61%         4    None
 Petrify                  Tmut/Erth      ###.....     63%         4    None
 Summon Horrible Things   Summ           #######...   82%         8    ######.
 Bolt of Magma            Conj/Fire/Erth ###.......   91%         5    None
 Iskenderun's Battlesphe  Conj/Chrm      ###.....     91%         5    None
 Venom Bolt               Conj/Pois      ###.......   91%         5    None
 Blade Hands              Tmut           ###.......   92%         5    None
 Lee's Rapid Deconstruct  Erth           ###.......   92%         5    None
 Freezing Cloud           Conj/Ice/Air   ######....   95%         6    ###....
 Malign Gateway           Summ/Tloc      ######....   98%         7    #####..
 Spellforged Servitor     Conj/Summ      ######....   98%         7    #####..
 Deflect Missiles         Chrm/Air       ####......   99%         6    ###....
 Iron Shot                Conj/Erth      ###.......   100%        6    ###....
 Orb of Destruction       Conj           ###.......   100%        7    #####..
 Discord                  Hex            ######....   100%        8    ######.
 Necromutation            Tmut/Necr      ###.......   100%        8    ######.
 Glaciate                 Conj/Ice       ######....   100%        9    #######


Dungeon Overview and Level Annotations

Branches:
Dungeon (13/15)            Temple (1/1) D:6            Lair (6/6) D:9
 Shoals (0/4) Lair:4       Spider (0/4) Lair:4        Slime (0/5) Lair:6
    Orc (2/2) D:10            Elf (0/3) Orc:2
 Vaults: D:13-14

Altars:
Ashenzari
Cheibriados
Dithmenos
Elyvilon
Fedhas
Gozag
Hepliaklqana
Kikubaaqudgha
Makhleb
Nemelex Xobeh
Okawaru
Qazlal
Ru
Sif Muna
Trog
Uskayaw
Vehumet
Wu Jian
Xom
Yredelemnul
Zin
The Shining One
Jiyva

Shops:
D:4 (   D:12 [

Annotations:
Lair:2 3 runed translucent doors, Huxoxzufuz's ghost, journeyman GnFi; Kairos's ghost, journeyman GnNe; Vojta's ghost, journeyman OgVM; Xudgha's ghost, journeyman MiFi
Orc:2 Josephine


Message History

Your four-headed hydra bites the deep troll earth mage but does no damage.
Your four-headed hydra bites the deep troll earth mage. x2
Your four-headed hydra disappears in a puff of smoke!
Casting: Summon Hydra (quite dangerous; 19% risk of failure)
Confirm with . or Enter, or press ? or * to list all spells.
An eight-headed hydra appears.
The gnoll hits your eight-headed hydra with a cursed -2 club.
Your eight-headed hydra disappears in a puff of smoke!
You block the deep troll earth mage's attack.
The deep troll earth mage closely misses you.
The deep troll earth mage completely misses you.
The iron dragon roars deafeningly!
You block the iron dragon's attack. x2; The iron dragon tramples you!
You hold your ground!
The deep troll earth mage casts a spell past you.
The wall shatters!
The blast of rock fragments hits you!!
* * * LOW HITPOINT WARNING * * *
The deep troll earth mage casts a spell past you.
The wall shatters!
The blast of rock fragments hits you!!
You die...

######## #########.......
#########...............
#......@..Tg............
########.##.###.D..............
.........#.# #................
##.......#.###................
#.......#>...................
#.......#.###.######...####..
#.....###.###+#...........+..
+.....+.#.#.....####...####..
#.....#.#.#.....# #...# #...


You could see an iron dragon, a deep troll earth mage and a gnoll.

Vanquished Creatures
  3 death yaks (Lair:5)
  A manticore (Lair:6)
  A black mamba (Lair:1)
  A spiny frog (Lair:5)
  3 blink frogs (Lair:2)
  4 yaks
  2 water moccasins (Lair:3)
  3 porcupines
  2 orc warriors
  2 crocodiles
  2 bullfrogs
  A crimson imp (D:11)
  2 worker ants
  A big kobold zombie (Ossuary)
  An orc (D:11)
  4 bats
  4 giant cockroaches
  3 goblins
  A frilled lizard (D:1)
  A kobold (D:3)
  A plant (Lair:6)
43 creatures vanquished.

Vanquished Creatures (collateral kills)
  An orc warlord (Orc:1)
  A stone giant (D:12)
  The ghost of coffeespoons the Severer, a journeyman MiBe of Trog (Lair:5)
  Harold (D:11)
  5 hydras
  3 catoblepae (Lair:6)
  Erica (D:8)
  3 two-headed ogres
  16 death yaks
  Sonja (Lair:5)
  Nergalle (D:11)
  An unseen horror (D:12)
  An orc knight (Orc:1)
  The ghost of SeriousVitamin the Arsonist, a novice DEFE of Vehumet (D:8)
  A necromancer (IceCv)
  An oklob plant (Lair:4)
  A deep elf mage (D:13)
  An orc sorcerer (Orc:2)
  An ugly thing (D:12)
  A wolf spider (Lair:4)
  6 black mambas
  2 manticores
  An ice statue (IceCv)
  A torpor snail (Lair:5)
  17 elephants
  7 spiny frogs
  3 rime drakes
  10 freezing wraiths (IceCv)
  12 komodo dragons
  2 jumping spiders (Lair:4)
  2 trolls
  2 polar bears
  10 blink frogs
  A hornet (D:10)
  A wolf spider simulacrum (IceCv)
  A slime creature (Lair:5)
  11 dream sheep
  10 hippogriffs
  A redback (Lair:4)
  2 wyverns
  A shadow (D:11)
  54 yaks
  A steam dragon (D:13)
  A death yak simulacrum (IceCv)
  Edmund (D:4)
  5 porcupines
  13 water moccasins
  2 black bears (D:9)
  11 orc warriors
  A phantom (D:5)
  4 sky beasts
  10 ice beasts
  2 eyes of draining
  11 ogres
  4 wolves (Lair:4)
  2 centaurs
  11 crocodiles
  10 bullfrogs
  A gnoll sergeant (D:12)
  A wyvern skeleton (D:10)
  12 killer bees
  3 scorpions
  A swamp dragon simulacrum (IceCv)
  A vampire bat (D:8)
  2 electric eels (D:12)
  2 howler monkeys
  A crimson imp (D:5)
  3 draconian simulacra (IceCv)
  2 hounds
  6 jellies
  12 orc priests
  Ijyb (D:3)
  19 orc wizards
  2 centaur skeletons
  3 iguanas
  2 spriggan simulacra (IceCv)
  3 troll simulacra (IceCv)
  6 worker ants
  A statue (D:8)
  A wolf simulacrum (IceCv)
  9 big kobold zombies (Ossuary)
  2 bullfrog simulacra (D:12)
  2 centaur simulacra (IceCv)
  A hound skeleton (D:5)
  A mummy (Ossuary)
  9 gnolls
  A howler monkey skeleton (D:4)
  12 adders
  6 naga simulacra (IceCv)
  4 ogre simulacra (IceCv)
  A shadow imp (D:6)
  12 white imps (IceCv)
  An ufetubus (D:12)
  7 oozes
  An adder skeleton (D:5)
  6 worms
  2 dart slugs (D:1)
  3 leopard geckos
  45 orcs
  4 spectral bats (Ossuary)
  2 ball pythons
  A giant cockroach (D:8)
  11 goblins
  7 hobgoblins
  9 jackals
  4 quokkas
  10 bats
  A bat simulacrum (Ossuary)
  6 frilled lizards
  2 gnoll zombies (Ossuary)
  6 goblin simulacra (Ossuary)
  3 goblin zombies (Ossuary)
  7 hobgoblin zombies (Ossuary)
  5 kobolds
  A kobold simulacrum (Ossuary)
  5 kobold zombies (Ossuary)
  3 orc zombies (Ossuary)
  2 rats
  5 rat simulacra (Ossuary)
  3 spectral goblins (Ossuary)
  3 spectral kobolds (Ossuary)
  A bush (Lair:5)
  2 plants
602 creatures vanquished.

Vanquished Creatures (others)
  8 fungi
  14 plants
  5 toadstools (D:1)
27 creatures vanquished.

Grand Total: 672 creatures vanquished

Notes
Turn   | Place    | Note
-------+----------+-------------------------------------------
     0 | D:1      | doot the Deep Elf Summoner began the quest for the Orb.
     0 | D:1      | Reached XP level 1. HP: 10/10 MP: 6/6
   143 | D:1      | Reached XP level 2. HP: 15/15 MP: 6/8
   147 | D:1      | Learned a level 2 spell: Call Imp
   259 | D:1      | Found a shimmering altar of Xom.
   317 | D:2      | Noticed an ogre
   485 | D:1      | Reached skill level 5 in Summonings
   677 | D:2      | Reached XP level 3. HP: 19/19 MP: 7/9
   750 | D:2      | Learned a level 3 spell: Call Canine Familiar
   767 | D:2      | Killed an ogre
   767 | D:2      | Reached skill level 4 in Spellcasting
   767 | D:2      | Reached XP level 4. HP: 24/24 MP: 3/12
   929 | D:2      | Learned a level 4 spell: Summon Ice Beast
  1548 | D:2      | Found a faded altar of an unknown god.
  1685 | D:3      | Found a blossoming altar of Fedhas.
  1940 | D:3      | Found an ornate altar of the Wu Jian Council.
  2064 | D:3      | Reached XP level 5. HP: 28/28 MP: 11/13
  2435 | D:3      | Noticed Ijyb
  2462 | D:3      | Killed Ijyb
  2678 | D:3      | Reached skill level 5 in Spellcasting
  2783 | D:3      | Learned a level 4 spell: Summon Lightning Spire
  2789 | D:3      | Found a glowing silver altar of Zin.
  3037 | D:4      | Noticed Edmund
  3064 | D:4      | Killed Edmund
  3206 | D:4      | Reached XP level 6. HP: 33/33 MP: 11/15
  3227 | D:4      | Found Kiaph's Weapon Emporium.
  3379 | D:4      | Reached skill level 1 in Ice Magic
  3490 | D:4      | Learned a level 2 spell: Sticks to Snakes
  3522 | D:4      | Reached skill level 6 in Spellcasting
  4324 | D:5      | Entered Level 5 of the Dungeon
  4361 | D:5      | Got a brightly glowing shield
  4448 | D:5      | Identified the +8 shield of Gravity {Int+2 Slay+2} (You
                  | found it on level 5 of the Dungeon)
  4479 | D:5      | Reached XP level 7. HP: 36/37 MP: 15/18
  4545 | D:5      | Reached skill level 1 in Short Blades
  4924 | D:5      | Reached skill level 7 in Spellcasting
  5025 | D:6      | Found a staircase to the Ecumenical Temple.
  5114 | Temple   | Entered the Ecumenical Temple
  5122 | Temple   | Became a worshipper of Sif Muna the Loreminder
  5371 | D:6      | Found a bloodstained altar of Trog.
  5457 | D:6      | Found an iron altar of Okawaru.
  5548 | D:6      | Reached skill level 8 in Spellcasting
  5788 | D:7      | Reached skill level 1 in Shields
  5914 | D:7      | Found a sand-covered staircase.
  5919 | Ossuary  | Entered an ossuary
  6140 | Ossuary  | Reached * piety under Sif Muna
  6220 | Ossuary  | Reached XP level 8. HP: 42/42 MP: 22/22
  7367 | D:8      | Noticed Erica
  7401 | D:8      | Killed Erica
  7401 | D:8      | Reached skill level 1 in Fighting
  7401 | D:8      | Reached skill level 1 in Armour
  7401 | D:8      | Reached skill level 9 in Spellcasting
  7446 | D:8      | Reached ** piety under Sif Muna
  7638 | D:8      | Found a radiant altar of Vehumet.
  7727 | D:8      | Found a runed translucent door.
  7727 | D:8      | Noticed SeriousVitamin's ghost (novice DEFE)
  7794 | D:8      | Identified the Handbook of Hedging
  8244 | D:8      | Learned a level 2 spell: Throw Frost
  8256 | D:8      | Reached skill level 10 in Spellcasting
  8313 | D:8      | Reached XP level 9. HP: 47/47 MP: 15/25
  8805 | D:9      | Learned a level 4 spell: Cause Fear
  8819 | D:9      | Found a hazy altar of Hepliaklqana.
  8884 | D:9      | Found a staircase to the Lair.
  8968 | D:9      | Noticed a komodo dragon
  8986 | D:9      | Killed a komodo dragon
  9141 | D:10     | Entered Level 10 of the Dungeon
  9151 | D:10     | Reached skill level 1 in Hexes
  9237 | D:10     | Got a twisted leather armour
  9248 | D:10     | Identified the cursed +1 leather armour of the Arcane {rF++
                  | rCorr Str+8 Dex-5} (You found it on level 10 of the
                  | Dungeon)
  9292 | D:10     | Reached *** piety under Sif Muna
  9447 | D:10     | Found a staircase to the Orcish Mines.
  9607 | D:10     | Reached skill level 1 in Maces & Flails
  9820 | D:4      | Bought the +5 morningstar of Tension {drain, rPois} for 520
                  | gold pieces
  9908 | Lair:1   | Entered Level 1 of the Lair of Beasts
  9912 | Lair:1   | Noticed a spiny frog
  9923 | Lair:1   | Killed a spiny frog
  9981 | Lair:1   | Noticed a black mamba
  9992 | Lair:1   | Killed a black mamba
  9992 | Lair:1   | Reached skill level 11 in Spellcasting
 10023 | Lair:1   | Reached XP level 10. HP: 44/52 MP: 10/27
 10325 | Lair:1   | Reached **** piety under Sif Muna
 10880 | Lair:2   | Noticed a seven-headed hydra
 10880 | Lair:2   | Reached skill level 1 in Air Magic
 10898 | Lair:2   | Killed a seven-headed hydra
 10898 | Lair:2   | Reached skill level 5 in Hexes
 10898 | Lair:2   | Reached skill level 10 in Summonings
 11183 | Lair:2   | Found a runed translucent gate.
 11184 | Lair:2   | Found a runed translucent gate.
 11184 | Lair:2   | Found a runed translucent gate.
 11192 | Lair:2   | Reached skill level 12 in Spellcasting
 11194 | Lair:2   | Noticed Vojta's ghost (journeyman OgVM)
 11194 | Lair:2   | Noticed Xudgha's ghost (journeyman MiFi)
 11196 | Lair:2   | Noticed Kairos's ghost (journeyman GnNe)
 11196 | Lair:2   | Noticed Huxoxzufuz's ghost (journeyman GnFi)
 11500 | Lair:2   | Reached skill level 5 in Stealth
 11516 | Lair:2   | Reached skill level 5 in Ice Magic
 11721 | Lair:3   | Noticed a six-headed hydra
 11822 | Lair:3   | Killed a six-headed hydra
 11847 | Lair:3   | Noticed a spiny frog
 11855 | Lair:3   | Killed a spiny frog
 12162 | Lair:3   | Reached XP level 11. HP: 57/57 MP: 29/29
 12631 | Lair:4   | Noticed an oklob plant
 12676 | Lair:4   | Killed an oklob plant
 12676 | Lair:4   | Reached ***** piety under Sif Muna
 12697 | Lair:4   | Found a staircase to the Shoals.
 12904 | Lair:4   | Identified Zyxt's Catalogue of Creative Dislocation (Sif
                  | Muna gifted it to you on level 4 of the Lair of Beasts)
 12904 | Lair:4   | Received a gift from Sif Muna
 12918 | Lair:4   | Learned a level 1 spell: Freeze
 12951 | Lair:4   | Learned a level 5 spell: Summon Demon
 13258 | Lair:4   | Reached skill level 13 in Spellcasting
 13502 | Lair:4   | Found a hole to the Spider Nest.
 13506 | Lair:4   | Noticed a wolf spider
 13522 | Lair:4   | Killed a wolf spider
 13522 | Lair:4   | Reached skill level 5 in Dodging
 14101 | Lair:5   | Found the +2 robe of Vines {NoPotionHeal Regen+7}
 14160 | Lair:5   | Noticed a death yak
 14160 | Lair:5   | Noticed a death yak
 14160 | Lair:5   | Noticed a death yak
 14160 | Lair:5   | Noticed a death yak
 14160 | Lair:5   | Noticed a death yak
 14162 | Lair:5   | Noticed a death yak
 14174 | Lair:5   | Killed a death yak
 14179 | Lair:5   | Killed a death yak
 14185 | Lair:5   | Killed a death yak
 14205 | Lair:5   | Killed a death yak
 14207 | Lair:5   | Killed a death yak
 14358 | Lair:5   | Noticed Sonja
 14375 | Lair:5   | Killed Sonja
 14445 | Lair:5   | Reached skill level 14 in Spellcasting
 14445 | Lair:5   | Reached XP level 12. HP: 52/62 MP: 26/32
 14466 | Lair:5   | Found a runed translucent gate.
 14954 | Lair:5   | Found a runed translucent gate.
 14954 | Lair:5   | Found a runed translucent gate.
 14954 | Lair:5   | Noticed a death ooze
 14955 | Lair:5   | Noticed coffeespoons's ghost (journeyman MiBe)
 14975 | Lair:5   | Found a viscous altar of Jiyva.
 15347 | Lair:6   | Entered Level 6 of the Lair of Beasts
 15383 | Lair:6   | Noticed a death yak
 15383 | Lair:6   | Noticed a death yak
 15383 | Lair:6   | Noticed a death yak
 15383 | Lair:6   | Noticed a death yak
 15385 | Lair:6   | Noticed a death yak
 15401 | Lair:6   | Noticed a death yak
 15402 | Lair:6   | Noticed a death yak
 15403 | Lair:6   | Noticed a death yak
 15404 | Lair:6   | Noticed a death yak
 15410 | Lair:6   | Killed a death yak
 15453 | Lair:5   | Killed a death yak
 15602 | Lair:6   | Noticed a six-headed hydra
 15834 | Lair:5   | Killed a death yak
 15835 | Lair:5   | Killed a death yak
 15835 | Lair:5   | Identified Sif Muna's Disquisition on Curses and the
                  | Frostbite (Sif Muna gifted it to you on level 5 of the Lair
                  | of Beasts)
 15835 | Lair:5   | Received a gift from Sif Muna
 15850 | Lair:5   | Killed a death yak
 16133 | Lair:6   | Killed a six-headed hydra
 16221 | Lair:6   | Noticed a six-headed hydra
 16226 | Lair:6   | Killed a six-headed hydra
 16226 | Lair:6   | Reached skill level 15 in Spellcasting
 16290 | Lair:6   | Noticed a four-headed hydra
 16295 | Lair:6   | Killed a four-headed hydra
 16337 | Lair:6   | Killed a death yak
 16343 | Lair:6   | Killed a death yak
 16348 | Lair:6   | Killed a death yak
 16494 | Lair:6   | Killed a death yak
 16817 | Lair:6   | Noticed a death yak
 16830 | Lair:6   | Killed a death yak
 16837 | Lair:6   | Noticed a catoblepas
 16846 | Lair:6   | Killed a catoblepas
 16892 | Lair:6   | Reached XP level 13. HP: 68/68 MP: 19/34
 17438 | Lair:6   | Got a scorched marble ring
 17440 | Lair:6   | Identified the ring "Exiclaps" {rC++ EV+2} (You found it on
                  | level 6 of the Lair of Beasts)
 17531 | Lair:6   | Reached skill level 16 in Spellcasting
 17532 | Lair:6   | Identified Sif Muna's Compendium of Hexes and Creation (Sif
                  | Muna gifted it to you on level 6 of the Lair of Beasts)
 17532 | Lair:6   | Received a gift from Sif Muna
 17544 | Lair:6   | Learned a level 7 spell: Summon Hydra
 17561 | Lair:6   | Found a viscous altar of Jiyva.
 17561 | Lair:6   | Found a staircase to the Slime Pits.
 18003 | D:8      | Killed SeriousVitamin's ghost
 18319 | Orc:1    | Entered Level 1 of the Orcish Mines
 18446 | Orc:1    | Noticed an orc warlord
 18456 | Orc:1    | Killed an orc warlord
 19007 | Lair:5   | Killed coffeespoons's ghost
 19448 | Orc:2    | Entered Level 2 of the Orcish Mines
 19505 | Orc:2    | Found a frozen archway.
 19527 | IceCv    | Entered an ice cave
 20077 | IceCv    | Found an ancient bone altar of Kikubaaqudgha.
 21108 | Orc:2    | Noticed Josephine
 21313 | D:11     | Identified Sif Muna's Guide on Changing and the Entourage
                  | (Sif Muna gifted it to you on level 11 of the Dungeon)
 21313 | D:11     | Received a gift from Sif Muna
 21367 | D:11     | Noticed Harold
 21393 | D:11     | Noticed Nergalle
 21404 | D:11     | Killed Harold
 21404 | D:11     | Killed Nergalle
 22436 | D:12     | Found Ifo Puuw's Antique Armour Emporium.
 22641 | D:12     | Noticed an iron dragon
 22692 | D:13     | Noticed a ghoul
 22967 | D:12     | Noticed a stone giant
 22985 | D:12     | Killed a stone giant
 23009 | D:12     | Killed from afar by a deep troll earth mage

Skill      XL: |  1  2  3  4  5  6  7  8  9 10 11 12 13 |
---------------+----------------------------------------+-----
Summonings     | 5 6 7 8 9 10 11 13 14 | 14.4
Spellcasting   | 4 5 6 8 10 11 12 14 15 16 | 16.9
Dodging        | 3 4 5 6 |  6.7
Stealth        | 3 4 5 |  5.6
Ice Magic      | 1 2 4 5 6 7 |  7.7
Short Blades   | 1 |  1.3
Shields        | 1 2 3 4 |  4.2
Fighting       | 1 2 3 |  3.1
Armour         | 1 2 3 |  3.0
Hexes          | 4 6 8 |  8.3
Maces & Flails | 1 2 3 |  3.4
Air Magic      | 2 3 |  3.2
Conjurations   | |  0.1

Action                   |  1- 3 |  4- 6 |  7- 9 | 10-12 | 13-15 || total
-------------------------+-------+-------+-------+-------+-------++-------
Melee: Unarmed           |     2 |       |       |       |       ||     2
       Short sword       |    18 |    18 |       |       |       ||    36
       Dagger            |       |    57 |    28 |       |       ||    85
       Mace              |       |       |    31 |       |       ||    31
       Morningstar       |       |       |     4 |    99 |    33 ||   136
       Staff             |       |       |       |       |    15 ||    15
 Cast: Summon Small Mamm |    15 |       |       |       |       ||    15
       Call Imp          |    14 |    14 |    35 |     3 |       ||    66
       Call Canine Famil |     1 |    27 |    50 |    59 |    24 ||   161
       Summon Ice Beast  |       |     5 |    19 |    62 |     3 ||    89
       Summon Lightning  |       |     2 |     2 |    29 |    19 ||    52
       Throw Frost       |       |       |     1 |       |     9 ||    10
       Summon Demon      |       |       |       |    40 |    51 ||    91
       Cause Fear        |       |       |       |     2 |       ||     2
       Summon Hydra      |       |       |       |       |    49 ||    49
Invok: Divine Energy     |       |       |       |     1 |     1 ||     2
       Stop Divine Energ |       |       |       |       |     2 ||     2
Evoke: Wand              |       |       |       |       |     1 ||     1
  Use: Scroll            |       |       |    11 |    15 |     9 ||    35
 Stab: Sleeping          |     1 |     8 |     3 |     1 |       ||    13
       Distracted        |       |       |     1 |     4 |     1 ||     6
  Eat: Chunk             |       |     9 |     5 |    14 |    13 ||    41
       Ration            |       |     1 |     4 |     2 |     6 ||    13
Armor: Robe              |    10 |    13 |     2 |    19 |     6 ||    50
       Leather armour    |       |    15 |    10 |     2 |     6 ||    33
       Skin              |       |       |       |       |     2 ||     2
Dodge: Dodged            |    24 |    48 |    28 |    84 |    44 ||   228
Block: Shield            |       |     2 |    77 |   194 |    83 ||   356
